 Dungeon Crawl Stone Soup version 0.27-a0-419-g7a85846853 (webtiles) character file.

Game seed: 5983118566627612882

8 Chiseanne the Ducker (level 2, 20/21 HPs)
             Began as a Demonspawn Wanderer on Feb 26, 2021.
             Quit the game on level 1 of the Dungeon.
             The game lasted 00:00:51 (750 turns).

Chiseanne the Ducker (Demonspawn Wanderer)           Turns: 750, Time: 00:00:51

Health: 20/21      AC:  5    Str: 11    XL:     2   Next: 0%
Magic:  3/3        EV: 10    Int: 16    God:
Gold:   29         SH:  0    Dex: 10    Spells: 2/3 levels left

rFire    . . .     SeeInvis .   a - +2 dagger
rCold    . . .     Faith    .   (no shield)
rNeg     . . .     Spirit   .   j - +0 ring mail
rPois    .         Reflect  .   (helmet restricted)
rElec    .         Harm     .   (no cloak)
rCorr    .         Rampage  .   (no gloves)
Will     .....                  (no boots)
Stlth    +.........             (no amulet)
HPRegen  0.07/turn              (no ring)
MPRegen  0.08/turn              (no ring)

@: no status effects
A: horns 1
a: no special abilities


You were on level 1 of the Dungeon.
You visited 1 branch of the dungeon, and saw 1 of its levels.

You collected 29 gold pieces.

Inventory:

Hand Weapons
 a - a +2 dagger (weapon)
 d - a +0 short sword
 h - a +0 hand axe
 w - a +1 hunting sling of freezing
Armour
 e - a +0 robe
 j - a +0 ring mail (worn)
Scrolls
 b - a scroll of fear
 f - a scroll of immolation {unknown}
 i - a scroll of random uselessness {unknown}
Potions
 c - a potion of might {unknown}
 g - a potion of lignification {unknown}


   Skills:
 * Level 1.0 Fighting
 - Level 1.7 Short Blades
 * Level 0.2 Armour
 * Level 2.1 Dodging
 - Level 1.7 Stealth
 - Level 1.0 Shields
 - Level 1.0 Spellcasting
 - Level 1.0 Ice Magic
 - Level 1.0 Air Magic


You had 2 spell levels left.
You knew the following spells:

 Your Spells              Type           Power        Failure   Level
a - Summon Small Mammal   Summ           0%           50%         1

Your spell library contained the following spells:

 Spells                   Type           Power        Failure   Level
 Call Canine Familiar     Summ           0%           86%         3


Dungeon Overview and Level Annotations

Branches:
Dungeon (1/15)

Altars:


Innate Abilities, Weirdness & Mutations

You have a pair of small horns on your head.


Message History

No target in view!
No target in view!
No target in view!
No target in view!
No target in view!
No target in view!
You see here a +0 club.
Found a chain mail.
A rat comes into view.
You hit the rat.
You kill the rat!
No target in view!
No target in view!
No target in view!
No target in view!
No target in view!
No target in view!
No target in view!
No target in view!
No target in view!
No target in view!
No target in view!
As you open the door, it creaks loudly!
There is an open door here.
There is an open door here.
You open the door.
A rat comes into view.
There is an open door here.
You hit the rat.
The rat is severely wounded.
The rat bites you.
You barely miss the rat.
The rat is severely wounded.
You hit the rat.
You kill the rat!
Your Fighting skill increases to level 1!
You have reached level 2!
Your demonic ancestry asserts itself...
A pair of horns grows on your head!
Are you sure you want to abandon this character and quit the game? (Confirm with "yes".)

.........#..................
.........#..............
.#.......#..#####.###.##
.........'..............
#.......##.............
#.......##.#########.##
≈♣.......##.# #......
≈≈.......##.# ####.##
P♣.####@###.# #).... ♣. #†#
#.#######.#.##
...###.#.......#.##
...+....##.#####.##
....###..##.#####.#
+................#.#
#............#####.##
####.##...####....... #.#.#
#####.#.


There were no monsters in sight!

Vanquished Creatures
  A goblin (D:1)
  2 hobgoblins (D:1)
  A kobold (D:1)
  2 frilled lizards (D:1)
  2 rats (D:1)
8 creatures vanquished.

Notes
Turn   | Place    | Note
-------+----------+-------------------------------------------
     0 | D:1      | Chiseanne the Demonspawn Wanderer began the quest for the
                  | Orb.
     0 | D:1      | Chiseanne set off with the following items: a +2 dagger, a
                  | scroll of fear, a +0 short sword, a +0 robe; and the
                  | following spell memorised: Summon Small Mammal; and the
                  | following spells available to memorise: Call Canine
                  | Familiar
     0 | D:1      | Reached XP level 1. HP: 13/13 MP: 2/2
   297 | D:1      | Reached skill level 2 in Dodging
   750 | D:1      | Reached skill level 1 in Fighting
   750 | D:1      | Gained mutation: You have a pair of small horns on your
                  | head. [demonic ancestry]
   750 | D:1      | Reached XP level 2. HP: 20/21 MP: 3/3
   750 | D:1      | Quit the game

Illustrated notes

Levels and vault maps discovered:
D:1:      dpeg_arrival_tiny_j, layout_basic, serial_bayou_ford_a,
          minmay_lizard_pond

Skill      XL: |  1 |
---------------+----+-----
Dodging        | 2 |  2.1
Fighting       | 1 |  1.0
Short Blades   | |  1.7
Armour         | |  0.2
Stealth        | |  1.7
Shields        | |  1.0
Spellcasting   | |  1.0
Ice Magic      | |  1.0
Air Magic      | |  1.0

Action                   || total
-------------------------++-------
Melee: Dagger            ||    26
 Stab: Sleeping          ||     1
Armor: Robe              ||     3
       Ring mail         ||     1
Dodge: Dodged            ||     6

Table legend: (Time is in decaauts)
 A = Elapsed time spent in this place.
 B = Non-inter-level travel time spent in this place.
 C = Inter-level travel time spent in this place.
 D = Time resting spent in this place.
 E = Time spent auto-exploring this place.
 F = Levels seen in this place.
 G = Mean time per level.
                   A        B        C        D        E       F      G
               +--------+--------+--------+--------+--------+-----+--------+
         Total |    747 |    747 |      0 |    228 |    440 |   1 |  747.0 |
       Dungeon |    747 |    747 |      0 |    228 |    440 |   1 |  747.0 |
               +--------+--------+--------+--------+--------+-----+--------+

Top non-repeatable levels by time:
     D:1: 747 daAuts
